TOP OF THE 1ST |
Erie Jaxx batting - Pitching for Columbia 08s : RHP Curt Howard
|
Pitching: RHP Curt Howard
|
|
Batting: RHB José Estrada
|
0-0: Called Strike 0-1: Ball 1-1: Bunt missed! 1-2: Ball 2-2: Foul Ball, location: 2F 2-2: Foul Ball, location: 2F 2-2: SOLO HOME RUN (Flyball, 78XD), Distance : 391 ft
|
Batting: LHB Don Hull
|
0-0: Ball 1-0: Ball 2-0: Foul Ball, location: 2F 2-1: Ball 3-1: Called Strike 3-2: Strikes out swinging
|
Batting: SHB Keith Shaffer
|
0-0: Ground out 4-3 (Groundball, 4)
|
Batting: RHB Tim Hanson
|
0-0: Foul Ball, location: 2F 0-1: Ball 1-1: Called Strike 1-2: Ball 2-2: SINGLE (Groundball, 56D)
|
Batting: SHB Héctor Barajas
|
0-0: Called Strike 0-1: Ball 1-1: Ball 2-1: DOUBLE (Line Drive, 7LS) Tim Hanson to third Runner from 3rd tries for Home, SAFE, no throw or cutoff
|
Batting: RHB Luis Alou
|
0-0: Called Strike 0-1: Called Strike 0-2: Ground out 6-3 (Groundball, 6)
|
Top of the 1st over - 2 run(s), 3 hit(s), 0 error(s), 1 left on base; Erie 2 - Columbia 0 |
BOTTOM OF THE 1ST |
Columbia 08s batting - Pitching for Erie Jaxx : RHP Ricardo Marino
|
Pitching: RHP Ricardo Marino
|
|
Batting: RHB Ichizo Akiyama
|
0-0: Ball 1-0: Ball 2-0: Swinging Strike 2-1: Foul Ball, location: 2F 2-2: SINGLE (Groundball, 5L)
|
Batting: RHB Vic Langlois
|
0-0: Ball 1-0: Grounds into double play, 1-6-3 (Groundball, 13S)
|
Batting: RHB Ryosei Yamamoto
|
0-0: Called Strike 0-1: Foul Ball, location: 2F 0-2: Ball 1-2: Strikes out swinging
|
Bottom of the 1st over - 0 run(s), 1 hit(s), 0 error(s), 0 left on base; Erie 2 - Columbia 0 |
TOP OF THE 2ND |
Erie Jaxx batting - Pitching for Columbia 08s : RHP Curt Howard
|
Batting: RHB Richard Bankhead
|
0-0: Swinging Strike 0-1: Swinging Strike 0-2: Ball 1-2: Ground out 6-3 (Groundball, 6)
|
Batting: RHB Bo Vickers
|
0-0: Swinging Strike 0-1: Called Strike 0-2: Ball 1-2: Ball 2-2: SINGLE (Line Drive, 89M)
|
Batting: RHB Raúl Ruíz
|
0-0: Ball 1-0: Called Strike 1-1: Ball 2-1: Fly out, F8 (Flyball, 8RM)
|
Batting: RHB José Estrada
|
0-0: Ball Wild Pitch! Bo Vickers to second 1-0: Ball 2-0: Called Strike 2-1: Ball 3-1: Base on Balls
|
Batting: LHB Don Hull
|
0-0: Ground out 4-3 (Groundball, 34)
|
Top of the 2nd over - 0 run(s), 1 hit(s), 0 error(s), 2 left on base; Erie 2 - Columbia 0 |
BOTTOM OF THE 2ND |
Columbia 08s batting - Pitching for Erie Jaxx : RHP Ricardo Marino
|
Batting: LHB Gino Canio
|
0-0: Ball 1-0: Ball 2-0: Ball 3-0: Ground out 1-3 (Groundball, 13S)
|
Batting: LHB José Costa
|
0-0: Called Strike 0-1: Ground out 4-3 (Groundball, 4)
|
Batting: RHB Luis Maldonado
|
0-0: Ground out 1-3 (Groundball, 25)
|
Bottom of the 2nd over - 0 run(s), 0 hit(s), 0 error(s), 0 left on base; Erie 2 - Columbia 0 |
TOP OF THE 3RD |
Erie Jaxx batting - Pitching for Columbia 08s : RHP Curt Howard
|
Batting: SHB Keith Shaffer
|
0-0: Swinging Strike 0-1: Ball 1-1: Ball 2-1: Foul Ball, location: 2F 2-2: Foul Ball, location: 2F 2-2: Ball 3-2: Fly out, F9 (Popup, 9S)
|
Batting: RHB Tim Hanson
|
0-0: Ball 1-0: Called Strike 1-1: Ball 2-1: Fly out, F7 (Flyball, 7LS)
|
Batting: SHB Héctor Barajas
|
0-0: Foul Ball, location: 2F 0-1: SINGLE (Line Drive, 7S)
|
Batting: RHB Luis Alou
|
0-0: Foul Ball, location: 2F 0-1: Ball 1-1: Ball 2-1: Foul Ball, location: 2F 2-2: Ground out 6-3 (Groundball, 4MS)
|
Top of the 3rd over - 0 run(s), 1 hit(s), 0 error(s), 1 left on base; Erie 2 - Columbia 0 |
BOTTOM OF THE 3RD |
Columbia 08s batting - Pitching for Erie Jaxx : RHP Ricardo Marino
|
Batting: SHB Roberto Rivera
|
0-0: DOUBLE (Line Drive, 7LS)
|
Batting: RHB Armando Cuevas
|
0-0: Ball 1-0: SINGLE (Groundball, 6) Roberto Rivera to third
|
Batting: LHB Brock Larsen
|
0-0: Called Strike 0-1: Ball 1-1: Fly out, F7 (Flyball, 7M)
|
Batting: RHB Ichizo Akiyama
|
0-0: Ball 1-0: Fly out, F9 (Flyball, 9M) Runner from 3rd tags up, SCORES, throw made
|
Batting: RHB Vic Langlois
|
0-0: Swinging Strike 0-1: Swinging Strike 0-2: Ground out 4-3 (Groundball, 4)
|
Bottom of the 3rd over - 1 run(s), 2 hit(s), 0 error(s), 1 left on base; Erie 2 - Columbia 1 |
TOP OF THE 4TH |
Erie Jaxx batting - Pitching for Columbia 08s : RHP Curt Howard
|
Batting: RHB Richard Bankhead
|
0-0: Called Strike 0-1: Ball 1-1: Swinging Strike 1-2: Ball 2-2: Foul Ball, location: 2F 2-2: Foul Ball, location: 2F 2-2: Foul Ball, location: 2F 2-2: SINGLE (Groundball, 6)
|
Batting: RHB Bo Vickers
|
0-0: Ball Richard Bankhead is caught stealing 2nd base 1-0: Called Strike 1-1: Swinging Strike 1-2: Ball 2-2: Ball 3-2: Base on Balls
|
Batting: RHB Raúl Ruíz
|
0-0: Called Strike 0-1: Called Strike 0-2: Ball Wild Pitch! Bo Vickers to second 1-2: Foul Ball, location: 2F 1-2: Ball 2-2: Strikes out swinging
|
Batting: RHB José Estrada
|
0-0: Ball 1-0: Fly out, F9 (Flyball, 9M)
|
Top of the 4th over - 0 run(s), 1 hit(s), 0 error(s), 1 left on base; Erie 2 - Columbia 1 |
BOTTOM OF THE 4TH |
Columbia 08s batting - Pitching for Erie Jaxx : RHP Ricardo Marino
|
Batting: RHB Ryosei Yamamoto
|
0-0: Ball 1-0: Ball 2-0: Ball 3-0: Base on Balls
|
Batting: LHB Gino Canio
|
0-0: Ball 1-0: Called Strike 1-1: Ball 2-1: Called Strike 2-2: Foul Ball, location: 2F 2-2: Ball 3-2: Strikes out looking
|
Batting: LHB José Costa
|
0-0: Foul Ball, location: 2F 0-1: Ball Ryosei Yamamoto steals 2nd base 1-1: Called Strike 1-2: Fly out, F7 (Line Drive, 7S)
|
Batting: RHB Luis Maldonado
|
0-0: Ball 1-0: SINGLE (Groundball, 4MD) Ryosei Yamamoto to third Runner from 3rd tries for Home, SAFE, no throw or cutoff
|
Batting: SHB Roberto Rivera
|
0-0: Called Strike 0-1: SINGLE (Groundball, 6MD) Luis Maldonado to second Runner from 2nd tries for 3rd, SAFE, throw made to third
|
Batting: RHB Armando Cuevas
|
0-0: Called Strike 0-1: Swinging Strike 0-2: Strikes out swinging
|
Bottom of the 4th over - 1 run(s), 2 hit(s), 0 error(s), 2 left on base; Erie 2 - Columbia 2 |
TOP OF THE 5TH |
Erie Jaxx batting - Pitching for Columbia 08s : RHP Curt Howard
|
Pitching: RHP Mike Horton
|
|
Batting: LHB Don Hull
|
0-0: Called Strike 0-1: Ball 1-1: Ball 2-1: Ball 3-1: Foul Ball, location: 2F 3-2: Foul Ball, location: 2F 3-2: Base on Balls
|
Batting: SHB Keith Shaffer
|
0-0: Ball Don Hull steals 2nd base 1-0: Swinging Strike 1-1: Ball 2-1: Swinging Strike 2-2: Strikes out swinging
|
Batting: RHB Tim Hanson
|
0-0: Called Strike 0-1: SINGLE (Flyball, 78S) Don Hull to third Runner from 3rd tries for Home, SAFE, no throw or cutoff
|
Batting: SHB Héctor Barajas
|
0-0: Ball 1-0: SINGLE (Line Drive, 56) Tim Hanson to second
|
Batting: RHB Luis Alou
|
0-0: Called Strike 0-1: Ball 1-1: Called Strike 1-2: Strikes out swinging
|
Batting: RHB Richard Bankhead
|
0-0: Ball 1-0: Fly out, F8 (Flyball, 8LD)
|
Top of the 5th over - 1 run(s), 2 hit(s), 0 error(s), 2 left on base; Erie 3 - Columbia 2 |
BOTTOM OF THE 5TH |
Columbia 08s batting - Pitching for Erie Jaxx : RHP Ricardo Marino
|
Batting: LHB Brock Larsen
|
0-0: Called Strike 0-1: SINGLE (Groundball, 34D)
|
Batting: RHB Ichizo Akiyama
|
0-0: Called Strike 0-1: Ball 1-1: Ball Wild Pitch! Brock Larsen to second 2-1: Ball 3-1: Base on Balls
|
Batting: RHB Vic Langlois
|
0-0: Called Strike 0-1: Ball 1-1: Swinging Strike 1-2: Fly out, F5 (Popup, 5SF)
|
Batting: RHB Ryosei Yamamoto
|
0-0: Called Strike 0-1: SINGLE (Groundball, 34) Brock Larsen to third Ichizo Akiyama to second Runner from 3rd tries for Home, SAFE, throw made home Ichizo Akiyama to third Ryosei Yamamoto to second
|
Batting: LHB Gino Canio
|
0-0: Foul Ball, location: 2F 0-1: Foul Ball, location: 2F 0-2: Foul Ball, location: 2F 0-2: Ball 1-2: Ground out 3-1 (Groundball, 34S)
|
Batting: LHB José Costa
|
0-0: Ball 1-0: Foul Ball, location: 2F 1-1: Called Strike 1-2: Strikes out swinging
|
Bottom of the 5th over - 1 run(s), 2 hit(s), 0 error(s), 2 left on base; Erie 3 - Columbia 3 |
TOP OF THE 6TH |
Erie Jaxx batting - Pitching for Columbia 08s : RHP Mike Horton
|
Batting: RHB Bo Vickers
|
0-0: Ball 1-0: Called Strike 1-1: Called Strike 1-2: Ball 2-2: Fly out, F3 (Popup, 13)
|
Batting: RHB Raúl Ruíz
|
0-0: Ball 1-0: Ball 2-0: Called Strike 2-1: Ball 3-1: Base on Balls
|
Batting: RHB José Estrada
|
0-0: Called Strike 0-1: Foul Ball, location: 2F 0-2: Strikes out looking
|
Batting: LHB Don Hull
|
0-0: Ball 1-0: Foul Ball, location: 2F 1-1: Foul Ball, location: 2F 1-2: Strikes out swinging
|
Top of the 6th over - 0 run(s), 0 hit(s), 0 error(s), 1 left on base; Erie 3 - Columbia 3 |
BOTTOM OF THE 6TH |
Columbia 08s batting - Pitching for Erie Jaxx : RHP Ricardo Marino
|
Batting: RHB Luis Maldonado
|
0-0: Ball 1-0: Ground out 6-3 (Groundball, 6M)
|
Batting: SHB Roberto Rivera
|
0-0: Called Strike 0-1: Ball 1-1: Ball 2-1: Foul Ball, location: 2F 2-2: Strikes out swinging
|
Batting: RHB Armando Cuevas
|
0-0: Ball 1-0: Ball 2-0: Ball 3-0: Base on Balls
|
Batting: LHB Brock Larsen
|
0-0: Ball 1-0: Ball 2-0: SINGLE (Line Drive, 34) Armando Cuevas to second
|
Pitching: RHP Barry Garner
|
|
Batting: RHB Ichizo Akiyama
|
0-0: Ball Wild Pitch! Armando Cuevas to third Brock Larsen to second 1-0: Ball 2-0: Foul Ball, location: 2F 2-1: Called Strike 2-2: Fly out, F3 (Popup, 3SF)
|
Bottom of the 6th over - 0 run(s), 1 hit(s), 0 error(s), 2 left on base; Erie 3 - Columbia 3 |
TOP OF THE 7TH |
Erie Jaxx batting - Pitching for Columbia 08s : RHP Mike Horton
|
Pitching: LHP Héctor Díaz
|
|
Batting: SHB Keith Shaffer
|
0-0: Called Strike 0-1: Ball 1-1: Ball 2-1: Ball 3-1: Called Strike 3-2: Foul Ball, location: 2F 3-2: Base on Balls
|
Batting: RHB Tim Hanson
|
0-0: Ball 1-0: Ball 2-0: Foul Ball, location: 2F 2-1: SINGLE (Line Drive, 89S) Keith Shaffer to second
|
Batting: SHB Héctor Barajas
|
0-0: Called Strike 0-1: Ball 1-1: Foul Ball, location: 2F 1-2: Foul Ball, location: 2F 1-2: Foul Ball, location: 2F 1-2: DOUBLE (Groundball, 3L) Keith Shaffer scores Tim Hanson to third
|
Batting: RHB Luis Alou
|
0-0: Fly out, F4 (Line Drive, 4)
|
Batting: RHB Richard Bankhead
|
0-0: Called Strike 0-1: Ball 1-1: Ball 2-1: Called Strike 2-2: SINGLE (Flyball, 78M) Tim Hanson scores Héctor Barajas to third Runner from 3rd tries for Home, throw and OUT! Richard Bankhead to second
|
Batting: RHB Bo Vickers
|
0-0: Ball 1-0: Called Strike 1-1: Ball 2-1: Foul Ball, location: 2F 2-2: Ground out 4-3 (Groundball, 4)
|
Top of the 7th over - 2 run(s), 3 hit(s), 0 error(s), 1 left on base; Erie 5 - Columbia 3 |
BOTTOM OF THE 7TH |
Columbia 08s batting - Pitching for Erie Jaxx : RHP Barry Garner
|
Batting: RHB Vic Langlois
|
0-0: Ball 1-0: Ball 2-0: Called Strike 2-1: Swinging Strike 2-2: Ball 3-2: Base on Balls
|
Batting: RHB Ryosei Yamamoto
|
0-0: Fielders Choice at 2nd, 3-6 (Groundball, 3)
|
Batting: LHB Gino Canio
|
0-0: Grounds out, U3 (Groundball, 3L)
|
Batting: LHB José Costa
|
0-0: Ball 1-0: Called Strike 1-1: Ball 2-1: Ball 3-1: Base on Balls
|
Pinch Hitting: RHB Barton Frazier
|
0-0: Ground out 5-3 (Groundball, 56S)
|
Bottom of the 7th over - 0 run(s), 0 hit(s), 0 error(s), 2 left on base; Erie 5 - Columbia 3 |
TOP OF THE 8TH |
Erie Jaxx batting - Pitching for Columbia 08s : LHP Héctor Díaz
|
Now at 1B: Barton Frazier
|
|
Batting: RHB Raúl Ruíz
|
0-0: Ball 1-0: DOUBLE (Line Drive, 7LS)
|
Batting: RHB José Estrada
|
0-0: Intentional Walk
|
Batting: LHB Don Hull
|
0-0: Foul Ball, location: 2F 0-1: Ball 1-1: Foul Ball, location: 2F 1-2: Strikes out looking
|
Batting: SHB Keith Shaffer
|
0-0: Called Strike 0-1: Swinging Strike 0-2: Strikes out swinging
|
Batting: RHB Tim Hanson
|
0-0: Ball 1-0: Ground out 6-3 (Groundball, 6)
|
Top of the 8th over - 0 run(s), 1 hit(s), 0 error(s), 2 left on base; Erie 5 - Columbia 3 |
BOTTOM OF THE 8TH |
Columbia 08s batting - Pitching for Erie Jaxx : RHP Barry Garner
|
Batting: SHB Roberto Rivera
|
0-0: Fly out, F5 (Popup, 7LSF)
|
Batting: RHB Armando Cuevas
|
0-0: Ball 1-0: Called Strike 1-1: Foul Ball, location: 2F 1-2: Strikes out looking
|
Batting: LHB Brock Larsen
|
0-0: Swinging Strike 0-1: Ball 1-1: Ground out U3 (Groundball, 3L)
|
Bottom of the 8th over - 0 run(s), 0 hit(s), 0 error(s), 0 left on base; Erie 5 - Columbia 3 |
TOP OF THE 9TH |
Erie Jaxx batting - Pitching for Columbia 08s : LHP Héctor Díaz
|
Batting: SHB Héctor Barajas
|
0-0: Swinging Strike 0-1: Ball 1-1: Foul Ball, location: 2F 1-2: Strikes out swinging
|
Batting: RHB Luis Alou
|
0-0: Ball 1-0: Fly out, F4 (Line Drive, 4M)
|
Pitching: LHP Ed Stevens
|
|
Batting: RHB Richard Bankhead
|
0-0: Ball 1-0: Called Strike 1-1: Ball 2-1: Ball 3-1: Base on Balls
|
Batting: RHB Bo Vickers
|
0-0: Ball 1-0: Ball 2-0: Called Strike 2-1: Ground out 5-3 (Groundball, 5L)
|
Top of the 9th over - 0 run(s), 0 hit(s), 0 error(s), 1 left on base; Erie 5 - Columbia 3 |
BOTTOM OF THE 9TH |
Columbia 08s batting - Pitching for Erie Jaxx : RHP Barry Garner
|
Pitching: LHP Júlio Castillo
|
|
Batting: RHB Ichizo Akiyama
|
0-0: Ground out 6-3 (Groundball, 6M)
|
Batting: RHB Vic Langlois
|
0-0: Foul Ball, location: 2F 0-1: Fly out, F9 (Flyball, 9M)
|
Batting: RHB Ryosei Yamamoto
|
0-0: Called Strike 0-1: Ball 1-1: Called Strike 1-2: Foul Ball, location: 2F 1-2: Strikes out swinging
|
Bottom of the 9th over - 0 run(s), 0 hit(s), 0 error(s), 0 left on base; Erie 5 - Columbia 3 |
|